 Dungeon Crawl Stone Soup version 0.22-a0-353-g2d6336e (webtiles) character file.

21 theanonym the Conjurer (level 2, 0/19 HPs)
             Began as a Mummy Conjurer on Apr 15, 2018.
             Slain by a jackal (2 damage)
             ... on level 1 of the Dungeon.
             The game lasted 00:02:56 (900 turns).

theanonym the Conjurer (Mummy Conjurer)              Turns: 900, Time: 00:02:58

Health: 0/19       AC:  3    Str: 13    XL:     2   Next: 65%
Magic:  0/6        EV: 12    Int: 14    God:
Gold:   27         SH:  0    Dex: 12    Spells: 7/8 levels left

rFire    x . .     SeeInvis .   h - -3 dagger (curse)
rCold    + . .     Gourm    .   (no shield)
rNeg     + + +     Faith    .   a - +0 robe
rPois    ∞         Spirit   .   f - +0 helmet
rElec    .         Reflect  .   (no cloak)
rCorr    .         Harm     .   (no gloves)
MR       .....                  (no boots)
Stlth    ++........             (no amulet)
HPRegen  0.06/turn              d - +2 ring of strength
MPRegen  0.10/turn              (no ring)

@: no status effects
A: no food or potions, fire vulnerability, cold resistance 1, negative energy
resistance 3, torment resistance, unbreathing
a: no special abilities


Innate Abilities, Weirdness & Mutations

You do not eat or drink.
Your flesh is vulnerable to fire.
You are immune to poison.
Your flesh is cold resistant. (rC+)
You are immune to negative energy. (rN+++)
You are immune to unholy pain and torment.
You can survive without breathing.


   Skills:
 - Level 1.5 Dodging
 - Level 1.5 Stealth
 + Level 3.5 Spellcasting
 + Level 3.6 Conjurations


You had 7 spell levels left.
You knew the following spells:

 Your Spells              Type           Power        Failure   Level  Hunger
a - Magic Dart            Conj           ##..         4%          1    N/A

Skill      XL: |  1 |
---------------+----+-----
Spellcasting   | 3 |  3.5
Dodging        | |  1.5
Stealth        | |  1.5
Conjurations   | |  3.6

Action                   || total
-------------------------++-------
Melee: Mace              ||     7
       Dagger            ||    14
 Cast: Magic Dart        ||    46
  Use: Scroll            ||     2
Armor: Robe              ||    16
Dodge: Dodged            ||    38

Inventory:

Hand Weapons
 b - a +0 mace
   (You found it on level 1 of the Dungeon)
 c - a +0 dagger
   (You took it off a goblin on level 1 of the Dungeon)
 h - a cursed -3 dagger (weapon)
   (You took it off a goblin on level 1 of the Dungeon)
Armour
 a - a +0 robe (worn)
 f - a +0 helmet (worn)
   (You found it on level 1 of the Dungeon)
Jewellery
 d - a +2 ring of strength (left hand)
   (You found it on level 1 of the Dungeon)
Scrolls
 e - a scroll of enchant armour
 g - a scroll of amnesia


You were on level 1 of the Dungeon.
You were not hungry.

You visited 1 branch of the dungeon, and saw 1 of its levels.

You collected 27 gold pieces.

Dungeon Overview and Level Annotations

Branches:
Dungeon (1/15)

Altars:

#.##..##.....###.#
#.##...####### #.#
#.##.#.###.# #.#
...(.....#.# ###.###
.###.#.#.#.###.....#
.#...#...........#.#
.#.#.#.........###.#
.....#.#.#.#######.##
.#.#.#.#.#......@h..#
.....#.#.############
.#.###.#.# .#.......#
##.####### ##.# ...#
##.# #.#


You could see a jackal.

Notes
Turn   | Place    | Note
-------+----------+-------------------------------------------
     0 | D:1      | theanonym the Mummy Conjurer began the quest for the Orb.
     0 | D:1      | Reached XP level 1. HP: 13/13 MP: 4/4
   195 | D:1      | Reached skill level 3 in Spellcasting
   332 | D:1      | Reached XP level 2. HP: 19/19 MP: 1/6
   847 | D:1      | HP: 7/19 [jackal (3)]
   858 | D:1      | HP: 5/19 [jackal (1)]
   864 | D:1      | HP: 3/19 [jackal (2)]
   882 | D:1      | HP: 3/19 [jackal (1)]
   897 | D:1      | HP: 2/19 [jackal (2)]
   900 | D:1      | Slain by a jackal

Vanquished Creatures
  2 bats (D:1)
  A giant cockroach (D:1)
  2 goblins (D:1)
  8 jackals (D:1)
  2 kobolds (D:1)
  A frilled lizard (D:1)
  A rat (D:1)
17 creatures vanquished.

Table legend:
 A = Turns spent in this place as a percentage of turns spent in the entire game.
 B = Non-inter-level travel turns spent in this place as a percentage of non-inter-level travel turns spent in the entire game.
 C = Inter-level travel turns spent in this place as a percentage of turns spent in this place.
 D = Turns resting spent in this place as a percentage of non-inter-level travel turns spent in this place.
 E = Turns spent auto-exploring this place as a percentage of non-inter-level travel turns spent in this place.
 F = Non-inter-level travel turns spent in this place divided by the number of levels of this place that you've seen.
                   A       B       C       D       E      F
               +-------+-------+-------+-------+-------+----------------------
         Total | 100.0 | 100.0 |   0.0 |  42.7 |  36.7 | 900.0
       Dungeon | 100.0 | 100.0 |   0.0 |  42.7 |  36.7 | 900.0
               +-------+-------+-------+-------+-------+----------------------
